[Event "Titled Tuesday Blitz December 13 Early 2022"]
[White "Berezin, Viktor"]
[Black "Farmani Anosheh, Armin"]
[WhiteFideId "14107872"]
[BlackFideId "24613240"]
[WhiteElo "2310"]
[BlackElo "2289"]
[Result "1-0"]
[Round "10"]
[TimeControl "180+1"]
[Date "2022.12.14"]
[WhiteClock "0:00:13"]
[BlackClock "0:00:33"]

1. d4 Nf6 2. c4 e6 3. Nf3 Bb4+ 4. Nbd2 b6 5. g3 Bb7 6. Bg2 O-O 7. O-O d5 8. Ne5 Nbd7 9. Ndf3 h6 10. Bf4 Bd6 11. Rc1 Qe7 12. cxd5 Nxd5 13. Bd2 Nxe5 14. dxe5 Bb4 15. a3 Bxd2 16. Qxd2 c5 17. Qc2 Rfd8 18. Nd2 Rac8 19. Ne4 Ba6 20. Nd6 Rc7 21. Rfd1 f6 22. Rxd5 fxe5 23. Rcd1 Rcd7 24. Nf5 exf5 25. Qa4 Bc8 26. b4 e4 27. Rxd7 Rxd7 28. Qb3+ Qf7 29. Qb1 cxb4 30. Rxd7 Bxd7 31. Qxb4 Qd5 32. Bf1 Bb5 33. h4 a6 34. a4 Qc4 35. Qd6 Qxa4 36. Qxb6 Qc4 37. Qb8+ Kh7 38. Qf8 Qe6 39. Qc5 Qd7 40. h5 a5 41. Kh2 a4 42. Bh3 Qe8 43. Bxf5+ Kh8 44. Bg6 Qb8 45. Bxe4 Bxe2 46. Qf5 Kg8 47. Qh7+ Kf8 48. Qh8+ Ke7 49. Qxb8 Bc4 50. Qa7+ Kd6 51. Qxa4 Kc5 52. Qd7 Bb3 53. Qxg7 Bd1 54. Qxh6 Kd4 55. Bg2 Be2 56. Qe3+ 1-0


[Site "https://www.chess.com"]

[Event "Titled Tuesday Blitz December 13 Early 2022"]
[White "Bettalli, Francesco"]
[Black "Jiganchine, Roman"]
[WhiteFideId "2816453"]
[BlackFideId "2603667"]
[WhiteElo "2216"]
[BlackElo "2358"]
[Result "1-0"]
[Round "10"]
[TimeControl "180+1"]
[Date "2022.12.14"]
[WhiteClock "0:00:53"]
[BlackClock "0:00:12"]

1. d4 d5 2. Nc3 c6 3. Nf3 Nf6 4. Bg5 Bf5 5. e3 e6 6. Bd3 Bg6 7. Ne5 Nbd7 8. f4 Qb6 9. Na4 Qa5+ 10. c3 b5 11. Nc5 Nxe5 12. fxe5 Bxc5 13. exf6 Bf8 14. O-O h6 15. Bxg6 fxg6 16. Qg4 O-O-O 17. Qxe6+ Rd7 18. fxg7 Bxg7 19. Rf7 1-0


[Site "https://www.chess.com"]

[Event "Titled Tuesday Blitz December 13 Early 2022"]
[White "Boros, Denes"]
[Black "Seo, Jung Min"]
[WhiteFideId "722340"]
[BlackFideId "1734687"]
[WhiteElo "2464"]
[BlackElo "2457"]
[Result "0-1"]
[Round "10"]
[TimeControl "180+1"]
[Date "2022.12.13"]
[WhiteClock "0:00:28"]
[BlackClock "0:00:08"]

1. e4 c5 2. Nf3 d6 3. a3 Nf6 4. e5 dxe5 5. Nxe5 Qd4 6. Bb5+ Nbd7 7. Qe2 a6 8. Nf3 Qe4 9. Nc3 Qxe2+ 10. Bxe2 b6 11. d4 e6 12. Bf4 Bb7 13. O-O-O cxd4 14. Rxd4 Bc5 15. Rd2 b5 16. Bd3 O-O 17. Be3 Bxe3 18. fxe3 Nc5 19. Rf1 Rfd8 20. Ne5 Ncd7 21. Nxd7 Nxd7 22. Be4 Nc5 23. Bxb7 Nxb7 24. Rfd1 Rxd2 25. Rxd2 Kf8 26. Rd7 Nd8 27. a4 bxa4 28. Nxa4 Nc6 29. Nc5 a5 30. Rc7 Ne5 31. c3 Ng4 32. e4 Ke8 33. Kc2 Nxh2 34. b4 axb4 35. cxb4 Rb8 36. Kc3 Ng4 37. Na6 Rb6 38. Ra7 Ne5 39. b5 Kd8 40. Kb4 Nc6+ 41. Kc5 Nxa7 42. Kxb6 Nc8+ 43. Kc6 Ne7+ 44. Kd6 Nc8+ 45. Kc5 Kd7 46. Nb8+ Kc7 47. Na6+ Kd7 48. Nb4 f6 49. Nc6 Kc7 50. Nd4 Kd7 51. b6 Nxb6 52. Kxb6 Kd6 53. Kb7 Ke5 54. Ne2 Kxe4 55. Kc6 e5 56. Kd6 Ke3 57. Nc3 Kf2 58. g4 Kf3 59. g5 fxg5 60. Kxe5 g4 61. Ne4 g3 62. Nd2+ Ke2 0-1


[Site "https://www.chess.com"]

[Event "Titled Tuesday Blitz December 13 Early 2022"]
[White "Bruned, Boris"]
[Black "Seifert, Henryk"]
[WhiteFideId "621790"]
[BlackFideId "1100963"]
[WhiteElo "2049"]
[BlackElo "2120"]
[Result "1-0"]
[Round "10"]
[TimeControl "180+1"]
[Date "2022.12.14"]
[WhiteClock "0:00:40"]
[BlackClock "0:00:12"]

1. b3 d5 2. Bb2 c5 3. e3 a6 4. Nf3 Nc6 5. d4 Bg4 6. Be2 e6 7. O-O Nf6 8. h3 Bxf3 9. Bxf3 cxd4 10. exd4 Bd6 11. c4 O-O 12. Nc3 Rc8 13. c5 Bb8 14. a3 Qc7 15. g3 Rfd8 16. b4 e5 17. dxe5 Nxe5 18. Na4 Nxf3+ 19. Qxf3 d4 20. Nb6 Qc6 21. Qxc6 Rxc6 22. Rad1 d3 23. Bxf6 Rxf6 24. Rd2 h5 25. Rfd1 h4 26. Rxd3 Rxd3 27. Rxd3 Bc7 28. Nd5 hxg3 29. fxg3 Be5 30. Nxf6+ Bxf6 31. Rd7 1-0


[Site "https://www.chess.com"]

[Event "Titled Tuesday Blitz December 13 Early 2022"]
[White "Buchenau, Frank"]
[Black "Aldokhin, Ivan"]
[WhiteFideId "4604350"]
[BlackFideId "24115720"]
[WhiteElo "2157"]
[BlackElo "2313"]
[Result "1-0"]
[Round "10"]
[TimeControl "180+1"]
[Date "2022.12.14"]
[WhiteClock "0:00:11"]
[BlackClock "0:00:03"]

1. e4 c5 2. Nf3 e6 3. d4 cxd4 4. Nxd4 a6 5. Bd3 Qc7 6. O-O Nf6 7. Qe2 d6 8. f4 Be7 9. c4 Nbd7 10. Nc3 b6 11. Be3 Bb7 12. b4 h5 13. Rac1 Ng4 14. Bd2 Rc8 15. f5 e5 16. Nd5 Qb8 17. Nxe7 Kxe7 18. f6+ Ngxf6 19. Nf5+ Kf8 20. Bg5 Re8 21. Rf3 Nh7 22. Bd2 Re6 23. Rcf1 Rf6 24. R3f2 Rg6 25. Nh4 Rf6 26. Qxh5 Rxf2 27. Rxf2 Ndf6 28. Rxf6 gxf6 29. Qh6+ Ke7 30. Nf5+ Kd7 31. Qh3 Kc7 32. c5 dxc5 33. bxc5 Bc8 34. Qe3 1-0


[Site "https://www.chess.com"]

[Event "Titled Tuesday Blitz December 13 Early 2022"]
[White "Buscar, Michael"]
[Black "Lehtosaari, Mauri"]
[WhiteFideId "2603616"]
[BlackFideId "501999"]
[WhiteElo "2010"]
[BlackElo "2503"]
[Result "0-1"]
[Round "10"]
[TimeControl "180+1"]
[Date "2022.12.14"]
[WhiteClock "0:00:15"]
[BlackClock "0:00:11"]

1. c4 c6 2. e4 d5 3. cxd5 cxd5 4. exd5 Nf6 5. Nc3 Nxd5 6. Nf3 e6 7. Bb5+ Bd7 8. Qa4 Bxb5 9. Qxb5+ Qd7 10. Nxd5 exd5 11. Nd4 Qxb5 12. Nxb5 Kd7 13. O-O Nc6 14. b3 Bb4 15. Bb2 f6 16. Bc3 Bc5 17. a4 Rhe8 18. Na3 Re2 19. Nc2 d4 20. Bb2 Rxd2 21. Rac1 d3 22. Na3 Rxb2 23. Rxc5 Rxb3 24. Nc4 Rd8 25. Rd1 Kc7 26. a5 a6 27. Kf1 Rc3 28. Ke1 Rc2 29. Rd2 Rc1+ 30. Rd1 Rc3 31. Kd2 Rc2+ 32. Ke1 Re8+ 33. Kf1 Ree2 34. Rxd3 Rxf2+ 35. Ke1 Rxg2 36. Kd1 Ra2 37. Nd2 Ra1+ 38. Kc2 Ra2+ 39. Kd1 h5 40. h3 Rh2 41. Rcd5 Nb8 42. Rc3+ Nc6 43. Rcd3 Kb8 44. Rb3 Ra1+ 45. Kc2 Ra2+ 46. Kd1 Raxd2+ 47. Rxd2 Rxd2+ 48. Kxd2 Nxa5 49. Rg3 g5 50. Rf3 Nc4+ 51. Kc3 Nd6 52. Kd4 Ne8 53. Kd5 Kc7 54. Ke6 g4 55. Rc3+ Kb6 56. h4 a5 57. Ke7 f5 58. Kxe8 f4 59. Rc4 f3 60. Rf4 a4 61. Rxa4 g3 62. Ra3 g2 63. Rb3+ Kc5 64. Rxf3 g1=Q 65. Rf5+ Kd4 66. Kf7 Qg4 67. Rf6 Qxh4 68. Rd6+ Ke5 69. Rd7 Qf4+ 70. Ke8 Qf5 71. Re7+ Qe6 72. Rxe6+ Kxe6 73. Kd8 b5 74. Kc7 b4 75. Kc6 b3 76. Kc5 b2 77. Kc4 b1=Q 0-1


[Site "https://www.chess.com"]

[Event "Titled Tuesday Blitz December 13 Early 2022"]
[White "Clawitter, Craig"]
[Black "Hoffmann, Asa"]
[WhiteFideId "2023105"]
[BlackFideId "2001470"]
[WhiteElo "2187"]
[BlackElo "2117"]
[Result "1-0"]
[Round "10"]
[TimeControl "180+1"]
[Date "2022.12.14"]
[WhiteClock "0:00:35"]
[BlackClock "0:02:16"]

1. e4 d6 2. d4 Nf6 3. Nc3 c6 4. f4 Qa5 5. e5 Ne4 6. Qf3 Bf5 7. Bd3 d5 8. Ne2 e6 9. g4 Nxc3 10. gxf5 Nxe2+ 11. Kxe2 Qb6 12. fxe6 fxe6 13. Qh5+ Kd7 14. f5 exf5 15. Qf7+ Kd8 16. Bg5+ Kc8 17. Bxf5+ Nd7 18. Qxd7+ Kb8 19. Qc8# 1-0


[Site "https://www.chess.com"]

[Event "Titled Tuesday Blitz December 13 Early 2022"]
[White "D`Arruda, Ricardo D."]
[Black "Albertini, Luca"]
[WhiteFideId "100692"]
[BlackFideId "847038"]
[WhiteElo "2436"]
[BlackElo "2207"]
[Result "1-0"]
[Round "10"]
[TimeControl "180+1"]
[Date "2022.12.14"]
[WhiteClock "0:01:05"]
[BlackClock "0:00:52"]

1. d4 d5 2. Nf3 Nf6 3. c4 c5 4. Nc3 e6 5. e3 Nc6 6. cxd5 exd5 7. Be2 Bf5 8. O-O cxd4 9. Nxd4 Bg6 10. b3 Bc5 11. Nxc6 bxc6 12. Bb2 O-O 13. Rc1 Bd6 14. Na4 Rc8 15. Bd4 Qe7 16. Bc5 Ne4 17. Bxd6 Qxd6 18. f3 Nf6 19. Qd4 Rc7 20. Rfd1 Qa3 21. Qb2 Qe7 22. Kf2 Re8 23. Qd4 Qa3 24. Qd2 Rce7 25. Rc3 Qd6 26. Nc5 Nd7 27. Nxd7 Qxd7 28. Qd4 f5 29. Bf1 h6 30. Rdc1 Re6 31. b4 Kh7 32. b5 cxb5 33. Rc7 Qd6 34. Qxg7# 1-0


[Site "https://www.chess.com"]

[Event "Titled Tuesday Blitz December 13 Early 2022"]
[White "Daneshvar, Bardiya"]
[Black "Xiong, Jeffery"]
[WhiteFideId "12576468"]
[BlackFideId "2047640"]
[WhiteElo "2429"]
[BlackElo "2726"]
[Result "0-1"]
[Round "10"]
[TimeControl "180+1"]
[Date "2022.12.13"]
[WhiteClock "0:00:03"]
[BlackClock "0:00:05"]

1. Nf3 c5 2. c4 Nc6 3. Nc3 g6 4. e3 Bg7 5. d4 d6 6. Be2 Bg4 7. O-O Nh6 8. d5 Bxf3 9. Bxf3 Na5 10. e4 O-O 11. Be2 f5 12. Bxh6 Bxh6 13. exf5 Rxf5 14. Bd3 Rf7 15. Re1 Qf8 16. f3 Qg7 17. Kh1 Bf4 18. g3 Be5 19. Rc1 g5 20. Kg2 Raf8 21. Rf1 Kh8 22. Qe2 a6 23. Nd1 Bd4 24. b3 b5 25. cxb5 axb5 26. Bxb5 Rf5 27. Qd2 Nb7 28. Bd3 Re5 29. h3 Nd8 30. Be4 e6 31. dxe6 d5 32. Bb1 Nxe6 33. Re1 Nf4+ 34. Kh2 Rfe8 35. Rxe5 Rxe5 36. Bd3 Nxd3 37. Qxd3 Qe7 38. Rc2 Re1 39. Nf2 Qe5 40. Ng4 Qe6 41. Qd2 h5 42. Nf2 Re3 43. Nd1 Re1 44. Qxg5 Rxd1 45. Qxh5+ Kg7 46. Qg5+ Kf8 47. Qf4+ Ke8 48. Qb8+ Kf7 49. Qf4+ Kg6 50. h4 Re1 51. h5+ Kxh5 52. Rg2 Kg6 53. Qb8 Qf7 54. Qd6+ Re6 55. Qd8 Qh7+ 56. Qh4 Qxh4+ 57. gxh4+ Kf5 58. Rg5+ Kf4 59. Rxd5 Kxf3 60. b4 Re2+ 61. Kh3 Be5 62. Rd3+ Ke4 63. Rd1 cxb4 64. Rb1 Bd6 65. h5 Rxa2 66. Kg4 Rg2+ 67. Kh4 Rh2+ 68. Kg5 Bf4+ 69. Kg6 Bd2 70. Rb2 Kd3 71. Rb3+ Kc4 72. Rb1 b3 73. Rg1 b2 0-1


[Site "https://www.chess.com"]

[Event "Titled Tuesday Blitz December 13 Early 2022"]
[White "Demin, Vladimir"]
[Black "Kosteniuk, Alexandra"]
[WhiteFideId "4167457"]
[BlackFideId "4128125"]
[WhiteElo "2618"]
[BlackElo "2469"]
[Result "0-1"]
[Round "10"]
[TimeControl "180+1"]
[Date "2022.12.13"]
[WhiteClock "0:00:15"]
[BlackClock "0:00:15"]

1. e4 c6 2. d4 d5 3. e5 c5 4. dxc5 e6 5. a3 Bxc5 6. b4 Bb6 7. Bb2 Ne7 8. Nf3 Ng6 9. Nbd2 O-O 10. Bd3 Nf4 11. O-O Nxd3 12. cxd3 Nc6 13. d4 Ne7 14. Nb3 Nf5 15. Nc5 Bxc5 16. dxc5 Bd7 17. Nd4 Nxd4 18. Bxd4 Bb5 19. Re1 Qg5 20. g3 Qg6 21. f4 Bd3 22. Re3 Be4 23. Qd2 h5 24. Rae1 Qf5 25. Qf2 f6 26. Qf1 Rac8 27. a4 b6 28. h3 bxc5 29. Bxc5 fxe5 30. Bxf8 Rxf8 31. Kh2 Rc8 32. fxe5 Qxe5 33. Qf4 Qb2+ 34. R1e2 Qxb4 35. Qe5 Bf5 36. Qf4 Qxf4 37. gxf4 Rc4 38. Kg3 Rxa4 39. Rb3 Kf7 40. Rb7+ Kf6 41. Rb3 a5 42. h4 Rc4 43. Ra2 a4 44. Rba3 Bc2 45. Re3 d4 46. Re2 d3 47. Rd2 g6 48. Kf3 Kf5 49. Ke3 Re4+ 50. Kf3 Rxf4+ 51. Ke3 Re4+ 52. Kf3 Rxh4 53. Ke3 Re4+ 54. Kf3 Rf4+ 55. Ke3 g5 56. Rb2 Re4+ 57. Kf3 g4+ 58. Kg3 Re3+ 59. Kg2 Bb3 60. Rf2+ Kg5 61. Rfd2 e5 62. Rb1 e4 63. Rf1 Rf3 64. Rxf3 gxf3+ 65. Kg3 h4+ 66. Kf2 Kf4 67. Rb2 e3+ 68. Ke1 d2+ 69. Rxd2 exd2+ 70. Kxd2 h3 0-1


[Site "https://www.chess.com"]

[Event "Titled Tuesday Blitz December 13 Early 2022"]
[White "Derraugh, Geordie"]
[Black "Muminova, Nafisa"]
[WhiteFideId "2603950"]
[BlackFideId "14201526"]
[WhiteElo "2082"]
[BlackElo "2258"]
[Result "1-0"]
[Round "10"]
[TimeControl "180+1"]
[Date "2022.12.14"]
[WhiteClock "0:00:08"]
[BlackClock "0:00:08"]

1. e4 e6 2. d4 d5 3. Nc3 Nf6 4. Bg5 Be7 5. e5 Nfd7 6. h4 Bxg5 7. hxg5 Qxg5 8. Nh3 Qe7 9. Nf4 a6 10. Qg4 g6 11. O-O-O c5 12. dxc5 Nxe5 13. Qg3 Nbc6 14. Nfxd5 exd5 15. Nxd5 Qxc5 16. Nc7+ Kf8 17. Nxa8 Bf5 18. Qc3 Qxf2 19. Nc7 Qf4+ 20. Kb1 Kg7 21. Nd5 Qf2 22. Ne3 Be4 23. Bc4 b5 24. Rhf1 Qg3 25. Rxf7+ Kh6 26. Rh1+ Kg5 27. Qd2 Rd8 28. Nd5+ Kg4 29. Nf6+ Kf5 30. Rf1+ Nf3 31. Nd7+ Kg4 32. gxf3+ Bxf3 33. R7xf3 Qxf3 34. Rxf3 Kxf3 35. Qd5+ Kf2 36. Qxc6 bxc4 37. Qb6+ Ke2 38. Qxd8 g5 39. Qxg5 h6 40. Qxh6 Kd1 41. Qc6 c3 42. bxc3 a5 43. Qd5+ Ke1 44. c4 a4 45. c5 a3 46. c6 Ke2 47. c7 Ke1 48. c8=Q 1-0


[Site "https://www.chess.com"]

[Event "Titled Tuesday Blitz December 13 Early 2022"]
[White "Diaz Rosas, Julio Cesar"]
[Black "Shuvalova, Polina"]
[WhiteFideId "5105099"]
[BlackFideId "24171760"]
[WhiteElo "2246"]
[BlackElo "2361"]
[Result "0-1"]
[Round "10"]
[TimeControl "180+1"]
[Date "2022.12.14"]
[WhiteClock "0:00:24"]
[BlackClock "0:00:13"]

1. e4 e5 2. Nf3 Nc6 3. Bc4 Nf6 4. d3 Be7 5. a4 O-O 6. Nc3 d6 7. a5 a6 8. h3 Be6 9. Ba2 Bxa2 10. Rxa2 d5 11. Qe2 Bb4 12. O-O Bxc3 13. bxc3 dxe4 14. dxe4 Nd7 15. Be3 Qe7 16. Rb1 Rab8 17. Nd2 Qe6 18. Nb3 h6 19. Rab2 Rfe8 20. c4 Qg6 21. f3 Nd8 22. Nc5 Nxc5 23. Bxc5 Qc6 24. Be3 Ne6 25. Rd1 Red8 26. Rd5 f6 27. Rb1 Qe8 28. Ba7 Ra8 29. Be3 Rab8 30. Ba7 Nf4 31. Qf2 Nxd5 32. cxd5 Ra8 33. Rxb7 Rd7 34. c4 Qc8 35. Be3 Qxb7 36. c5 Qb3 37. c6 Rdd8 38. Bc5 Qc4 39. Be7 Re8 40. Bc5 Rab8 41. Kh2 Rb5 42. Bb6 cxb6 43. axb6 Qd4 44. Qa2 Rxb6 45. d6+ Kh7 46. d7 Rd8 47. c7 Qxd7 48. cxd8=Q Qxd8 49. h4 Qd7 50. h5 Rd6 51. Kg3 Qe8 52. Kh4 Rd1 53. g4 Rh1+ 54. Kg3 Rg1+ 55. Kh2 Rc1 56. Qxa6 Qc8 57. Qa7 Qc2+ 58. Kg3 Qc5 59. Qa2 Qg1+ 60. Kh3 Qh1+ 0-1


[Site "https://www.chess.com"]

[Event "Titled Tuesday Blitz December 13 Early 2022"]
[White "Domingo Nunez, Ruben"]
[Black "Salman, Pavel"]
[WhiteFideId "22245570"]
[BlackFideId "24153753"]
[WhiteElo "2663"]
[BlackElo "2528"]
[Result "1-0"]
[Round "10"]
[TimeControl "180+1"]
[Date "2022.12.14"]
[WhiteClock "0:00:57"]
[BlackClock "0:00:19"]

1. b3 c5 2. Bb2 b6 3. Nf3 Bb7 4. c4 Nf6 5. e3 e6 6. Be2 Be7 7. O-O O-O 8. d4 cxd4 9. Nxd4 a6 10. Nc3 d6 11. Rc1 Nbd7 12. Qc2 Qc7 13. Rfd1 Rac8 14. h3 Rfd8 15. Bf3 Ne5 16. Bxb7 Qxb7 17. Qe2 Bf8 18. e4 Ng6 19. Qe3 Nd7 20. Nde2 Nc5 21. Nd4 Re8 22. Ba3 d5 23. exd5 exd5 24. Qf3 Ne4 25. Bxf8 Nxc3 26. Rxc3 Kxf8 27. Nf5 Re5 28. Nd6 Qd7 29. Nxc8 Qxc8 30. cxd5 Qd7 31. d6 Rf5 32. Qa8+ 1-0


[Site "https://www.chess.com"]

[Event "Titled Tuesday Blitz December 13 Early 2022"]
[White "Dubov, Daniil"]
[Black "Jobava, Baadur"]
[WhiteFideId "24126055"]
[BlackFideId "13601520"]
[WhiteElo "2792"]
[BlackElo "2582"]
[Result "1-0"]
[Round "10"]
[TimeControl "180+1"]
[Date "2022.12.13"]
[WhiteClock "0:00:13"]
[BlackClock "0:00:02"]

1. e4 c6 2. d4 d5 3. e5 Bf5 4. Nf3 e6 5. Be2 h6 6. Nbd2 Ne7 7. Nf1 Bh7 8. Ng3 Nf5 9. Bd3 Nxg3 10. hxg3 Bxd3 11. Qxd3 Qb6 12. Be3 Qa6 13. Ke2 Qxd3+ 14. Kxd3 Nd7 15. g4 Rg8 16. c3 c5 17. a4 Rc8 18. Nd2 Be7 19. f4 cxd4 20. cxd4 Nb8 21. Rac1 Nc6 22. f5 Kd7 23. Nf3 Nb4+ 24. Ke2 Na2 25. Rxc8 Rxc8 26. f6 gxf6 27. Rxh6 Rc2+ 28. Kf1 f5 29. gxf5 exf5 30. Bf4 Nb4 31. e6+ fxe6 32. Ne5+ Kd8 33. Rh8+ Kc7 34. Rh7 Kd8 35. Nf7+ Ke8 36. Ne5 Bf6 37. Rxb7 Bxe5 38. Bxe5 Nd3 39. Bd6 Rxb2 40. Rxa7 Rf2+ 41. Kg1 Ra2 42. a5 Ne1 43. a6 Nxg2 44. Re7+ Kd8 45. a7 Nh4 46. Rb7 Nf3+ 47. Kf1 Nxd4 48. Bc5 Nc6 49. Rb8+ Kd7 50. a8=Q Rxa8 51. Rxa8 e5 52. Ke2 d4 53. Kd3 Ke6 54. Kc4 1-0


[Site "https://www.chess.com"]

[Event "Titled Tuesday Blitz December 13 Early 2022"]
[White "Estrada Nieto, Julian"]
[Black "Budrewicz, Krzysztof"]
[WhiteFideId "5101018"]
[BlackFideId "1127950"]
[WhiteElo "2195"]
[BlackElo "2188"]
[Result "0-1"]
[Round "10"]
[TimeControl "180+1"]
[Date "2022.12.14"]
[WhiteClock "0:00:02"]
[BlackClock "0:01:51"]

1. e4 g6 2. d4 Bg7 3. Nf3 d6 4. Nc3 a6 5. Be2 b5 6. a3 Nd7 7. O-O Bb7 8. Re1 e5 9. dxe5 Nxe5 10. Nxe5 dxe5 11. Bd3 Nf6 12. Bg5 h6 13. Bh4 O-O 14. Qe2 c6 15. Rad1 Qe7 16. f3 Rfe8 17. Qe3 Bf8 18. Kh1 g5 19. Bg3 Nh5 20. Ne2 Nf4 21. c3 c5 22. Bc2 Red8 23. Nc1 c4 24. Bf2 Qe6 25. Qb6 Qxb6 26. Bxb6 Rxd1 27. Rxd1 Bc6 28. g3 Ne6 29. Kg2 Be7 30. Na2 a5 31. Nc1 b4 32. axb4 axb4 33. cxb4 Bxb4 34. Ne2 Ra2 35. Rb1 Kf8 36. Kf1 Ke7 37. Be3 f6 38. Bc1 Nd4 39. Bd1 Nxf3 40. Nc3 Nxh2+ 41. Kg2 Bxc3 42. Kxh2 Bxe4 43. Kh3 Bxb1 44. bxc3 Bf5+ 45. g4 Ra1 46. Be3 Rxd1 47. gxf5 Rd3 0-1


[Site "https://www.chess.com"]

[Event "Titled Tuesday Blitz December 13 Early 2022"]
[White "Fiedorek, Michal"]
[Black "Kuderinov, Kirill"]
[WhiteFideId "1199528"]
[BlackFideId "13701568"]
[WhiteElo "2463"]
[BlackElo "2644"]
[Result "0-1"]
[Round "10"]
[TimeControl "180+1"]
[Date "2022.12.14"]
[WhiteClock "0:00:01"]
[BlackClock "0:00:20"]

1. e4 e5 2. Nf3 Nc6 3. Bb5 a6 4. Ba4 Nf6 5. O-O Be7 6. Re1 b5 7. Bb3 O-O 8. a4 Rb8 9. axb5 axb5 10. c3 d6 11. d4 exd4 12. cxd4 Bg4 13. Nc3 b4 14. Nd5 Bxf3 15. gxf3 Rb7 16. Be3 Nb8 17. Qd2 Nbd7 18. Ra4 Nxd5 19. Bxd5 Rb8 20. Rxb4 Rxb4 21. Qxb4 Bg5 22. f4 Bh6 23. e5 dxe5 24. fxe5 Nxe5 25. Bxh6 Nd3 26. Qb3 Nxe1 27. Qg3 Qf6 28. Bf4 Rd8 29. Be5 Qg6 30. Be4 Qxg3+ 31. hxg3 f6 32. Bxc7 Rxd4 33. f3 Nd3 34. Ba5 Nc5 35. Bc2 Rc4 36. Bc3 Ne6 37. Bb3 Rc6 38. Kf2 Kf7 39. Ke3 Ke7 40. Bb4+ Kf7 41. Bc3 g6 42. Ba2 h5 43. Bd5 Rc5 44. Ba2 g5 45. f4 gxf4+ 46. gxf4 Rb5 47. Kf3 f5 48. Bc4 Rb6 49. Bd3 Kg6 50. Bc4 Nc5 51. b4 Ne4 52. Be1 Rc6 53. Bd5 Rc1 54. Bh4 Rc3+ 55. Kg2 Nf6 56. Be6 Rc2+ 57. Kf3 Rb2 58. Be1 Ng4 59. Kg3 Rb1 60. Bd2 Rb2 61. Bc3 Re2 62. Kh3 Re3+ 0-1


[Site "https://www.chess.com"]

[Event "Titled Tuesday Blitz December 13 Early 2022"]
[White "Forgacs, Attila Jr."]
[Black "Baruch, Liam"]
[WhiteFideId "773654"]
[BlackFideId "14322064"]
[WhiteElo "2168"]
[BlackElo "2072"]
[Result "1-0"]
[Round "10"]
[TimeControl "180+1"]
[Date "2022.12.14"]
[WhiteClock "0:00:08"]
[BlackClock "0:00:10"]

1. e4 e5 2. Nf3 Nc6 3. Bb5 a6 4. Ba4 Nf6 5. O-O b5 6. Bb3 Bc5 7. a4 Rb8 8. axb5 axb5 9. Nxe5 Nxe5 10. d4 Bxd4 11. Qxd4 d6 12. Bg5 c5 13. Qe3 h6 14. Bh4 c4 15. Ba2 O-O 16. Nc3 Ng6 17. Bg3 Nh5 18. Nd5 Be6 19. b3 Nxg3 20. hxg3 Bxd5 21. exd5 Ne5 22. Qd4 Rc8 23. f4 Ng4 24. bxc4 bxc4 25. Bxc4 Re8 26. Bd3 Ne3 27. Rf2 Ng4 28. Re2 Re7 29. Rae1 Rxe2 30. Rxe2 Ra8 31. Re1 Qa5 32. c3 Qa2 33. Bf5 Nf6 34. c4 Qa5 35. Qe3 Qb4 36. Bd3 g6 37. Qe7 Ng4 38. Qe2 Qc5+ 39. Kh1 h5 40. Rf1 Ra3 41. Be4 Qd4 42. Bf3 Nf6 43. Rd1 Qc3 44. Qd2 Qxd2 45. Rxd2 Ra1+ 46. Kh2 Rc1 47. Be2 Rc3 48. Ra2 Kg7 49. Ra6 Rc2 50. Bf3 Ne8 51. Ra8 Nf6 52. Rd8 Rxc4 53. Rxd6 Rd4 54. Rd8 Rd2 55. Kg1 Nh7 56. d6 Nf8 57. Kf1 Ne6 58. Rd7 Rc2 59. Bd5 Rc1+ 60. Ke2 Rc5 61. Bxe6 Kf6 62. Rxf7+ Kxe6 63. d7 Rd5 64. Rg7 Kf6 65. Rh7 Ke6 66. Kf3 Rxd7 67. Rxd7 Kxd7 68. Ke4 Ke6 69. Kf3 Kf6 70. g4 hxg4+ 71. Kxg4 Kg7 72. Kg5 Kf7 73. g3 Kg7 74. f5 gxf5 75. Kxf5 Kf7 76. g4 Kg8 77. Kg6 Kf8 78. g5 Kg8 79. Kh6 Kh8 80. g6 Kg8 81. g7 1-0


[Site "https://www.chess.com"]

[Event "Titled Tuesday Blitz December 13 Early 2022"]
[White "Fromm, Marius"]
[Black "Fernandez Siles, Luis"]
[WhiteFideId "12993190"]
[BlackFideId "2209420"]
[WhiteElo "2325"]
[BlackElo "2186"]
[Result "0-1"]
[Round "10"]
[TimeControl "180+1"]
[Date "2022.12.14"]
[WhiteClock "0:00:03"]
[BlackClock "0:00:18"]

1. e4 c5 2. Nf3 Nc6 3. Bb5 g6 4. Bxc6 dxc6 5. d3 Bg7 6. h3 Nf6 7. Nc3 O-O 8. Be3 Nd7 9. Qd2 e5 10. Bh6 a5 11. O-O a4 12. a3 Re8 13. Bxg7 Kxg7 14. Nh2 Nf8 15. f4 f6 16. fxe5 Qd4+ 17. Kh1 Qxe5 18. Rae1 h5 19. Nf3 Qg3 20. Ne2 Qd6 21. Nf4 Ne6 22. e5 fxe5 23. Nxe5 Nxf4 24. Qxf4 Bf5 25. g4 hxg4 26. hxg4 Rh8+ 27. Kg1 Rh4 28. Qg5 Qd4+ 29. Re3 Rh3 30. Rf3 Rxf3 31. Nxf3 Qxg4+ 32. Qxg4 Bxg4 33. Nh2 Bd1 34. Re7+ Kf6 35. Rd7 Bxc2 36. Ng4+ Kg5 37. Ne3 Bb3 38. Rxb7 Re8 39. Kf2 Rf8+ 40. Ke2 Re8 41. Rc7 Kf4 42. Rf7+ Bxf7 0-1


[Site "https://www.chess.com"]

[Event "Titled Tuesday Blitz December 13 Early 2022"]
[White "Galchenko, Matvey"]
[Black "Korchmar, Vasiliy"]
[WhiteFideId "24175480"]
[BlackFideId "24131750"]
[WhiteElo "2404"]
[BlackElo "2370"]
[Result "0-1"]
[Round "10"]
[TimeControl "180+1"]
[Date "2022.12.13"]
[WhiteClock "0:00:06"]
[BlackClock "0:00:28"]

1. e4 c5 2. c3 Nf6 3. e5 Nd5 4. Nf3 e6 5. Bc4 d6 6. d4 cxd4 7. cxd4 Be7 8. O-O O-O 9. Bd2 b6 10. Qe2 Bb7 11. Nc3 Nxc3 12. Bxc3 Nd7 13. Rad1 dxe5 14. dxe5 Qc7 15. Bd3 Nc5 16. Bb1 Ba6 17. Qc2 g6 18. Rfe1 Rfd8 19. Nd4 Rac8 20. a3 Bf8 21. Ba2 Bg7 22. f4 Bh6 23. g3 Bb7 24. h4 Ba8 25. Kh2 Qb7 26. h5 b5 27. Qe2 a6 28. Rg1 Rd7 29. Qg4 Rcd8 30. f5 exf5 31. Nxf5 Rxd1 32. Nxh6+ Kf8 0-1


[Site "https://www.chess.com"]

[Event "Titled Tuesday Blitz December 13 Early 2022"]
[White "Gjestemoen-VonHirsch, Andre"]
[Black "Rangel, Daniel"]
[WhiteFideId "1539531"]
[BlackFideId "2124475"]
[WhiteElo "2198"]
[BlackElo "2225"]
[Result "0-1"]
[Round "10"]
[TimeControl "180+1"]
[Date "2022.12.14"]
[WhiteClock "0:00:08"]
[BlackClock "0:00:15"]

1. b3 d5 2. Bb2 Nf6 3. e3 c6 4. Nf3 Bg4 5. Be2 Nbd7 6. c4 e6 7. Nc3 Bd6 8. Rc1 O-O 9. h3 Bh5 10. Rc2 Bg6 11. d3 e5 12. cxd5 cxd5 13. Qa1 Nc5 14. Rd2 d4 15. exd4 exd4 16. Nb5 Bf4 17. Rd1 Re8 18. Kf1 Rxe2 19. Kxe2 Qe8+ 20. Kf1 Qxb5 21. Nxd4 Qa6 22. g3 Nxd3 23. Kg2 Be5 24. Bc3 Rd8 25. Nf3 Bxc3 26. Qxc3 Be4 27. Rd2 Qe6 28. Rhd1 Qf5 29. Rxd3 Rxd3 30. Rxd3 Bxd3 31. Qc7 h6 32. Nh4 Be4+ 33. Kg1 Qd5 34. Ng2 Bxg2 0-1


[Site "https://www.chess.com"]

[Event "Titled Tuesday Blitz December 13 Early 2022"]
[White "Goryachkina, Aleksandra"]
[Black "Turzo, Attila"]
[WhiteFideId "4147103"]
[BlackFideId "704954"]
[WhiteElo "2678"]
[BlackElo "2583"]
[Result "1-0"]
[Round "10"]
[TimeControl "180+1"]
[Date "2022.12.14"]
[WhiteClock "0:01:13"]
[BlackClock "0:00:14"]

1. e4 e5 2. Nc3 Nf6 3. d4 exd4 4. Qxd4 Nc6 5. Qd3 Bb4 6. Bd2 O-O 7. O-O-O Re8 8. f3 Ne5 9. Qe2 Qe7 10. g4 h6 11. h4 Bxc3 12. Bxc3 d6 13. g5 Nh5 14. gxh6 g6 15. Qf2 Qf6 16. Kb1 Be6 17. Be2 Nf4 18. Bd3 Kh7 19. Ne2 Nxe2 20. Bxe2 Qf4 21. Bd2 Qf6 22. f4 Nc4 23. Bc3 Qe7 24. f5 Bxf5 25. exf5 Qxe2 26. fxg6+ Kxh6 27. Qf4+ Kh5 28. Qg5# 1-0


[Site "https://www.chess.com"]

[Event "Titled Tuesday Blitz December 13 Early 2022"]
[White "Grunberg, Mihai-Lucian"]
[Black "Czopor, Maciej"]
[WhiteFideId "1204149"]
[BlackFideId "21805431"]
[WhiteElo "2363"]
[BlackElo "2324"]
[Result "0-1"]
[Round "10"]
[TimeControl "180+1"]
[Date "2022.12.14"]
[WhiteClock "0:01:18"]
[BlackClock "0:01:42"]

1. Nf3 g6 2. d4 Bg7 3. c4 Nf6 4. g3 O-O 5. Bg2 d6 6. O-O Nc6 7. Nc3 Bg4 8. b3 Nd7 9. e3 e5 10. Ne2 Qf6 11. dxe5 Ndxe5 12. Nxe5 Nxe5 13. Rb1 Nf3+ 14. Kh1 Qf5 15. Bb2 Qh5 16. h3 Ng5 17. h4 Bxe2 0-1


[Site "https://www.chess.com"]